 Dungeon Crawl Stone Soup version 0.29.0-11-gd7f09526c8 (webtiles) character file.

Game seed: 5800745916055632355

99 VictoriousLee the Cudgeller (level 4, 0/28 HPs)
             Began as a Gargoyle Monk on Sept 4, 2022.
             Killed by nerve-wracking pain
             ... invoked by Grinder
              (6 damage)
             ... on level 3 of the Dungeon.
             The game lasted 00:06:30 (3016 turns).

VictoriousLee the Cudgeller (Gargoyle Monk)         Turns: 3016, Time: 00:06:31

Health: 0/28       AC:  6    Str: 17    XL:     4   Next: 72%
Magic:  4/4        EV: 12    Int: 10    God:
Gold:   78         SH:  0    Dex: 12    Spells: 3/3 levels left

rFire   . . .      SeeInvis .   a - +0 mace
rCold   . . .      Faith    .   (no shield)
rNeg    + . .      Spirit   .   b - +0 robe
rPois   ∞          Reflect  .   q - +0 helmet
rElec   +          Harm     .   (no cloak)
rCorr   .          Rampage  .   (no gloves)
Will    .....                   (no boots)
Stlth   ++........              (no amulet)
HPRegen 0.09/turn               (no ring)
MPRegen 0.09/turn               (no ring)

@: hasted, very quick
A: sickness immunity, AC +3, negative energy resistance 1, electricity
resistance, torment resistance 1, petrification resistance
a: no special abilities


You were on level 3 of the Dungeon.
You visited 1 branch of the dungeon, and saw 3 of its levels.

You collected 78 gold pieces.

Inventory:

Hand Weapons
 a - a +0 mace (weapon)
 k - a +3 short sword
Missiles
 w - 3 poisoned darts (quivered)
Armour
 b - a +0 robe (worn)
 q - a +0 helmet (worn)
Magical Staves
 t - a staff of death
Scrolls
 d - 2 scrolls of identify {unknown}
 e - 2 scrolls of fear {unknown}
 h - a scroll of poison {unknown}
 j - 2 scrolls of teleportation {unknown}
 l - a scroll of blinking {unknown}
 m - a scroll of brand weapon {unknown}
 n - a scroll of enchant armour {unknown}
 p - 2 scrolls of magic mapping {unknown}
 s - a scroll of immolation {unknown}
 u - a scroll of vulnerability {unknown}
Potions
 c - 2 potions of ambrosia
 f - a potion of curing {unknown}
 g - 2 potions of heal wounds {unknown}
 o - a potion of lignification
 r - a potion of berserk rage {unknown}
 v - a potion of attraction {unknown}


   Skills:
 - Level 3.5 Fighting
 + Level 4.8 Maces & Flails
 - Level 2.6 Dodging
 - Level 2.6 Stealth


You had 3 spell levels left.
You didn't know any spells.
Your spell library contained the following spells:

 Spells                   Type           Power      Damage    Failure   Level
 Swiftness                Air            0%         N/A       75%         3
 Sticky Flame             Conj/Fire      0%         2d3       98%         4
 Lightning Bolt           Conj/Air       0%         1d11      100%        5
 Maxwell's Capacitive Co  Air            0%         ∞         100%        8


Dungeon Overview and Level Annotations

Branches:
Dungeon (3/15)

Altars:
Dithmenos

Annotations:
D:2 Sigmund
D:3 Grinder


Innate Abilities, Weirdness & Mutations

You are immune to sickness and miasma.
Your stone body is resilient. (AC +3)
You are immune to poison.
You resist negative energy. (rN+)
You are resistant to electric shocks. (rElec)
You are resistant to unholy torment.
You are immune to petrification.


Message History

Grinder gestures at you.
You barely resist. Grinder hits you.
You writhe in agony.
You can move again.
You closely miss Grinder.
Grinder is moderately wounded.
You completely miss Grinder.
Grinder is moderately wounded.
Grinder gestures at you.
You barely resist. You barely miss Grinder.
Grinder is moderately wounded.
Grinder says, "I used to sell toenails on the black market."
Grinder blinks!
You hit Grinder.
Grinder is heavily wounded.
Grinder hits you.
You closely miss Grinder.
Grinder is heavily wounded.
Grinder hits you but does no damage.
You barely miss Grinder.
Grinder is heavily wounded.
Grinder zaps a wand.
You resist with some effort.
You barely miss Grinder.
Grinder is heavily wounded.
You barely miss Grinder.
Grinder is heavily wounded.
Grinder gestures at you. You resist with significant effort.
You sock Grinder!
Grinder is severely wounded.
Grinder gestures at you. Pain shoots through your body!
* * * LOW HITPOINT WARNING * * *
Okay, then.
You hit Grinder but do no damage.
Grinder is severely wounded.
Grinder gestures at you. Pain shoots through your body!
You die...

.# .# #.#
..# # ###..#
#.#....#
#.#.#.#
#.....#
#####
###@###
#†#.#
####5######>
#.#.#
#......(....
#####.#.#
#.#####.####
...<....#
#.# #
#####...#
#.#
........#
#.#
######.##
#.# #.# #.#


You could see Grinder.

Vanquished Creatures
  Robin (D:2)
  3 adders
  A worm (D:2)
  A dart slug (D:1)
  4 ball pythons
  3 endoplasms
  2 giant cockroaches (D:2)
  9 goblins
  13 hobgoblins
  A quokka (D:2)
  4 bats
  4 frilled lizards
  2 kobolds (D:1)
  4 rats
52 creatures vanquished.

Vanquished Creatures (others)
  4 toadstools (D:1)
4 creatures vanquished.

Grand Total: 56 creatures vanquished

Notes
Turn   | Place    | Note
-------+----------+-------------------------------------------
     0 | D:1      | VictoriousLee the Gargoyle Monk began the quest for the
                  | Orb.
     0 | D:1      | Reached XP level 1. HP: 14/14 MP: 1/1
   253 | D:1      | Found a faded altar of an unknown god.
   560 | D:1      | Reached XP level 2. HP: 18/19 MP: 2/2
  1301 | D:1      | Reached XP level 3. HP: 12/23 MP: 3/3
  1794 | D:2      | Reached skill level 4 in Maces & Flails
  1893 | D:2      | Got the Vellum of Incendiary Ozone
  1964 | D:2      | Reached XP level 4. HP: 20/28 MP: 4/4
  1973 | D:2      | Noticed Robin
  2240 | D:2      | Killed Robin
  2392 | D:2      | Found a shadowy altar of Dithmenos.
  2426 | D:2      | Noticed Sigmund
  2959 | D:3      | Noticed Grinder
  3000 | D:3      | Paralysed by Grinder for 5 turns
  3016 | D:3      | Killed from afar by Grinder

Illustrated notes

Levels and vault maps discovered:
D:1:      ldierk_walled_garden_2, layout_loops_ring,
          hellmonk_ecumenical_altar_heavens_door
D:2:      layout_loops_ring, basic_altar, minmay_heptomino_l4, uniq_robin,
          uniq_sigmund
D:3:      minmay_diamond_boxcup, layout_loops_ring,
          mainiacjoe_overflow_tiny_flanked, lemuel_blue_sif_altar,
          uniq_crazy_yiuf_cottage, uniq_grinder

Skill      XL: |  1  2  3 |
---------------+----------+-----
Maces & Flails | 4 |  4.8
Fighting       | |  3.5
Dodging        | |  2.6
Stealth        | |  2.6

Action                   |  1- 3 |  4- 6 || total
-------------------------+-------+-------++-------
Melee: Mace              |   109 |    67 ||   176
       Punch             |     1 |       ||     1
  Use: Potion            |       |     2 ||     2
 Stab: Sleeping          |     6 |     3 ||     9
Armor: Robe              |    30 |    18 ||    48
Dodge: Dodged            |    59 |    39 ||    98
